 Dungeon Crawl Stone Soup version 0.30-a0-883-g5ad918d77d (webtiles) character file.

Game seed: 10329983207690899994

11396 AtlasWard the Markstengu (level 11, -5/76 HPs)
             Began as a Tengu Hunter on Mar 15, 2023.
             Was a Believer of Ashenzari.
             Slain by a blink frog (14 damage)
             ... on level 1 of the Lair of Beasts.
             The game lasted 00:27:40 (9895 turns).

AtlasWard the Markstengu (Tengu Hunter)             Turns: 9895, Time: 00:27:41

Health: -5/76      AC: 11    Str: 19    XL:     11   Next: 77%
Magic:  12/12      EV: 15    Int: 13    God:    Ashenzari [**....]
Gold:   765        SH:  0    Dex: 20    Spells: 10/10 levels left

rFire   . . .      SeeInvis +    M - +4 shortbow "Mantic Water Diviner" {Self, Fort} (curse)
rCold   . . .      Faith    .    (shield currently unavailable)
rNeg    . . .      Spirit   .    O - +0 troll leather armour
rPois   .          Reflect  .    (helmet restricted)
rElec   .          Rampage  .    o - +2 cloak of the Lashed Sage {Harm Int+3, Self, Bglg} (curse)
rCorr   .          Harm     + .  (no gloves)
Will    .....                    (boots unavailable)
Stlth   ++                       (no amulet)
HPRegen 1.12/turn                e - +6 ring of strength
MPRegen 0.13/turn                n - +4 ring of protection

@: about to teleport, flying quickly and evasively, quick
A: beak, talons 3, nimble flight
a: Renounce Religion, Curse Item, Shatter the Chains


You were on level 1 of the Lair of Beasts.
You worshipped Ashenzari.
Ashenzari was pleased with you.
You visited 2 branches of the dungeon, and saw 13 of its levels.
You also visited: Ossuary.

You collected 765 gold pieces.

Inventory:

Hand Weapons
 a - a +0 heavy shortbow
 b - a +2 dagger of venom
 M - the cursed +4 shortbow "Mantic Water Diviner" (weapon) {Self, Fort}
   (You took it off a centaur on level 10 of the Dungeon)

   It has a curse which improves the following skills: Introspection: Fighting
   and Spellcasting.
   Fortitude: Armour and Shields.
Missiles
 F - 2 throwing nets
Armour
 o - the cursed +2 cloak of the Lashed Sage (worn) {Harm Int+3, Self, Bglg}
   (You found it on level 2 of the Dungeon)

   Int:       It affects your intelligence (+3).
   Harm:      It increases damage dealt and taken.
   It has a curse which improves the following skills: Introspection: Fighting
   and Spellcasting.
   Beguiling: Conjurations, Hexes and Translocations.
 G - a +1 cloak
 O - a +0 troll leather armour (worn)
Jewellery
 c - a +6 ring of dexterity
 e - a +6 ring of strength (left hand)
 n - a +4 ring of protection (right hand)
 u - a ring of protection from cold
 I - a ring of positive energy
Wands
 s - a wand of quicksilver (9)
 w - a wand of digging (8)
 x - a wand of paralysis (16)
 E - a wand of flame (35)
 K - a wand of roots (14)
Scrolls
 d - 2 scrolls of fog
 g - 3 scrolls of enchant weapon
 h - 2 scrolls of immolation
 l - 6 scrolls of teleportation
 p - a scroll of poison
 q - 4 scrolls of silence
 r - 5 scrolls of noise
 v - a scroll of blinking
 y - a scroll of magic mapping
 C - a scroll of fear
 N - a scroll of identify
Potions
 f - 4 potions of invisibility
 i - a potion of ambrosia
 j - a potion of brilliance
 k - 9 potions of curing
 m - 5 potions of lignification
 t - 4 potions of attraction
 z - a potion of haste
 A - a potion of resistance
 B - 4 potions of mutation
 D - a potion of heal wounds
 H - 2 potions of degeneration
 J - 3 potions of flight
 L - a potion of berserk rage


   Skills:
 + Level 10.8(12.6) Fighting
 * Level 16.5 Ranged Weapons
 - Level 2.1 Dodging
 - Level 2.1 Stealth


You had 10 spell levels left.
You didn't know any spells.
Your spell library contained the following spells:

 Spells                   Type           Power      Damage    Failure   Level
 Necrotise                Necr           0%         1d4       36%         1
 Scorch                   Fire           0%         2d5       50%         2
 Gell's Gravitas          Tloc           0%         N/A       71%         3
 Stone Arrow              Conj/Erth      0%         3d7       71%         3
 Teleport Other           Tloc           0%         N/A       71%         3
 Vampiric Draining        Necr           0%         2d6       73%         3
 Animate Armour           Summ/Erth      0%         N/A       98%         4
 Flame Wave               Conj/Fire      0%         2d4       98%         4
 Agony                    Necr           0%         N/A       100%        5
 Dispersal                Tloc           0%         N/A       100%        6
 Summon Cactus Giant      Summ           0%         N/A       100%        6
 Lehudib's Crystal Spear  Conj/Erth      0%         10d2      100%        8


Dungeon Overview and Level Annotations

Branches:
Dungeon (11/15)            Temple (0/1) D:7            Lair (2/5) D:11
    Orc (0/2) D:11        Ossuary (visited)
  Swamp: Lair:2-3    Shoals: Lair:2-3     Snake: Lair:2-3    Spider: Lair:2-3

Altars:
Ashenzari
Gozag
Hepliaklqana
Makhleb
Nemelex Xobeh
Sif Muna
Vehumet
Xom
Zin

Annotations:
D:3 5 runed translucent doors, AverageBear's ghost, amateur OpFi
D:11 1 transporter, exclusion: ugly thing
Lair:1 Harold


Innate Abilities, Weirdness & Mutations

You have a beak for a mouth.
You have claws for feet.
Your magical nature lets you fly swiftly and evasively.


Message History

Unknown command.
You shoot an arrow. The arrow hits the blink frog!
You kill the blink frog!
The blink frog hits you!
Unknown command.
You shoot an arrow. The arrow hits the blink frog!
The blink frog is heavily wounded.
The blink frog hits you but does no damage.
A rime drake comes into view.
Unknown command.
You shoot an arrow. The arrow hits the blink frog.
The blink frog is heavily wounded.
The blink frog hits you!
Unknown command.
You are too injured to fight recklessly!
Unknown command.
You are too injured to fight recklessly!
Unknown command.
You are too injured to fight recklessly!
Unknown command.
You are too injured to fight recklessly!
You are too injured to fight recklessly!
Unknown command.
As you read the scroll of teleportation, it crumbles to dust.
You feel strangely unstable.
The bullfrog hits you but does no damage.
The blink frog misses you. The bullfrog barely misses you.
Unknown command.
Unknown command.
The blink frog hits you!
* * * LOW HITPOINT WARNING * * *
The bullfrog hits you.
* * * LOW HITPOINT WARNING * * *
The blink frog closely misses you.
You fly upwards.
Level annotation: Harold The blink frog hits you.
* * * LOW HITPOINT WARNING * * *
The blink frog hits you!
You die...

#......##............#
#.....†.....##..#P.#.#
######.......#P..##......##
....##............#.......#
.....#.......†............#
...............†.......}..#
........................###
......#....#...F#.#...#..#
......#....#...F@F......##
.....##.#######F.F#...#..##
........# *#..........#.#
.......## #.#.#.....#..#
......## ##....@......# *
#.....# ##.#.#........
###..## #...........### ...
##.#.#...#..#*
*....@.###..P


You could see Harold, 4 blink frogs and a bullfrog.

Vanquished Creatures
  A boulder beetle (D:11)
  A two-headed ogre (D:10)
  Pikel (D:7)
  2 oklob plants (D:11)
  A manticore (D:11)
  Joseph (D:7)
  A gargoyle (D:6)
  A cane toad (Lair:1)
  2 trolls
  2 hornets
  5 blink frogs
  3 shadows
  14 yaks
  A wyvern (Lair:1)
  2 vampire mosquitoes (D:11)
  Menkaure (D:6)
  Edmund (D:4)
  2 water moccasins
  An orc warrior (D:9)
  A black bear (D:6)
  2 ogres (D:6)
  4 centaurs
  A lemure (D:7)
  2 phantoms
  An elf zombie (Ossuary)
  A kobold brigand (D:7)
  6 bullfrogs
  A scorpion (D:6)
  4 killer bees (D:9)
  4 howler monkeys (D:10)
  A crimson imp (D:10)
  5 hounds
  An orc priest (D:9)
  4 jellies
  Jessica (D:3)
  5 iguanas
  2 sleepcaps
  Natasha (thrice) (D:3)
  Terence (D:3)
  2 orc wizards
  2 mummies (Ossuary)
  7 adders
  2 shadow imps
  A white imp (D:7)
  2 adder zombies (Ossuary)
  3 dart slugs
  30 orcs
  8 ball pythons
  6 bats
  9 endoplasms
  2 giant cockroaches
  10 goblins
  8 hobgoblins
  11 jackals
  13 kobolds
  2 quokkas
  7 frilled lizards
  2 goblin zombies (Ossuary)
  9 hobgoblin zombies (Ossuary)
  2 jackal zombies (Ossuary)
  10 kobold zombies (Ossuary)
  9 orc zombies (Ossuary)
  7 rats
  A rat zombie (Ossuary)
258 creatures vanquished.

Vanquished Creatures (others)
  2 fungi (Lair:1)
  9 plants
11 creatures vanquished.

Grand Total: 269 creatures vanquished

Notes
Turn   | Place    | Note
-------+----------+-------------------------------------------
     0 | D:1      | AtlasWard the Tengu Hunter began the quest for the Orb.
     0 | D:1      | Reached XP level 1. HP: 12/12 MP: 2/2
    87 | D:1      | Reached XP level 2. HP: 17/17 MP: 3/3
   385 | D:1      | Reached XP level 3. HP: 22/22 MP: 4/4
   491 | D:1      | Reached skill level 5 in Ranged Weapons
  1146 | D:2      | Identified the +2 cloak of Compression {Harm Int+3}
  1384 | D:2      | Reached XP level 4. HP: 27/27 MP: 5/5
  1779 | D:3      | Found a runed translucent gate.
  1779 | D:3      | Found a runed translucent gate.
  1779 | D:3      | Found an opulent altar of Gozag.
  1780 | D:3      | Found a runed translucent gate.
  1780 | D:3      | Noticed AverageBear's ghost (amateur OpFi)
  1792 | D:3      | Noticed Jessica
  1794 | D:3      | Killed Jessica
  1798 | D:3      | Reached skill level 6 in Ranged Weapons
  1798 | D:3      | Gained mutation: Your magical nature lets you fly swiftly
                  | and evasively. [Tengu growth]
  1798 | D:3      | Reached XP level 5. HP: 32/32 MP: 6/6
  1824 | D:3      | Noticed Terence
  1836 | D:3      | Killed Terence
  1950 | D:3      | Noticed Natasha
  1958 | D:3      | Killed Natasha
  1967 | D:3      | Noticed Natasha
  1972 | D:3      | Killed Natasha
  1973 | D:3      | Reached XP level 6. HP: 37/37 MP: 7/7
  2061 | D:3      | Noticed Natasha
  2069 | D:3      | Killed Natasha
  2145 | D:3      | Found a faded altar of an unknown god.
  2442 | D:3      | Found a large runed translucent door.
  2442 | D:3      | Found a large runed translucent door.
  2453 | D:3      | Reached skill level 7 in Ranged Weapons
  2471 | D:3      | Found a shimmering altar of Xom.
  2748 | D:4      | Found a hazy altar of Hepliaklqana.
  2761 | D:4      | Found a broken altar of Ashenzari.
  2765 | D:4      | Became a worshipper of Ashenzari the Shackled
  2999 | D:4      | Reached XP level 7. HP: 43/43 MP: 8/8
  3130 | D:4      | Noticed Edmund
  3136 | D:4      | Killed Edmund
  3137 | D:4      | Reached skill level 8 in Ranged Weapons
  3272 | D:4      | Found a glowing silver altar of Zin.
  3311 | D:4      | Found a shimmering blue altar of Sif Muna.
  3331 | D:5      | Entered Level 5 of the Dungeon
  3401 | D:5      | Reached skill level 5 in Fighting
  3714 | D:5      | Reached skill level 9 in Ranged Weapons
  3714 | D:5      | Reached XP level 8. HP: 35/49 MP: 9/9
  4429 | D:6      | Reached skill level 10 in Ranged Weapons
  4508 | D:6      | Noticed Menkaure
  4519 | D:6      | Killed Menkaure
  4521 | D:6      | Noticed a gargoyle
  5078 | D:7      | Noticed a hornet
  5095 | D:7      | Killed a hornet
  5096 | D:7      | Reached XP level 9. HP: 8/56 MP: 10/10
  5289 | D:7      | Reached skill level 11 in Ranged Weapons
  5546 | D:7      | Noticed Joseph
  5637 | D:7      | Killed Joseph
  5832 | D:7      | Noticed Pikel
  5875 | D:6      | Killed a gargoyle
  5876 | D:6      | Reached skill level 12 in Ranged Weapons
  5993 | D:7      | Found a staircase to the Ecumenical Temple.
  6065 | D:7      | Killed Pikel
  6269 | D:8      | Found a sand-covered staircase.
  6273 | Ossuary  | Entered an ossuary
  6435 | Ossuary  | Reached XP level 10. HP: 62/64 MP: 11/11
  6784 | D:8      | Reached skill level 13 in Ranged Weapons
  6806 | D:8      | Found a sparkling altar of Nemelex Xobeh.
  6807 | D:8      | Found an opulent altar of Gozag.
  7388 | D:9      | Reached skill level 14 in Ranged Weapons
  8097 | D:10     | Entered Level 10 of the Dungeon
  8149 | D:10     | Noticed a two-headed ogre
  8175 | D:10     | Killed a two-headed ogre
  8176 | D:10     | Reached skill level 15 in Ranged Weapons
  8176 | D:10     | Reached XP level 11. HP: 15/72 MP: 12/12
  8719 | D:10     | Reached skill level 10 in Fighting
  8739 | D:10     | Found a burning altar of Makhleb.
  8740 | D:10     | Found a radiant altar of Vehumet.
  8788 | D:10     | Reached * piety under Ashenzari
  8788 | D:10     | Reached ** piety under Ashenzari
  8959 | D:11     | Found a transporter.
  8960 | D:11     | Found the +2 ratskin cloak {*Rats rPois rN+ Str-1 Int-1
                  | Dex+1}
  8973 | D:11     | Noticed a manticore
  8988 | D:11     | Killed a manticore
  9009 | D:11     | Noticed a boulder beetle
  9010 | D:11     | Noticed an oklob plant
  9049 | D:11     | Killed a boulder beetle
  9058 | D:11     | Found a staircase to the Lair.
  9124 | D:11     | Noticed an oklob plant
  9234 | D:11     | Found a staircase to the Orcish Mines.
  9385 | D:11     | Noticed a cyan ugly thing
  9497 | D:11     | Killed an oklob plant
  9606 | D:11     | Killed an oklob plant
  9607 | D:11     | Reached skill level 16 in Ranged Weapons
  9615 | Lair:1   | Entered Level 1 of the Lair of Beasts
  9870 | Lair:1   | Noticed Harold
  9895 | Lair:1   | Slain by a blink frog

Illustrated notes

Levels and vault maps discovered:
D:1:      lemuel_arrival_hallway, layout_basic, chequers_hall_statues_y,
          st_stairs_3, minmay_cupped
D:2:      layout_basic, st_stairs_1, feat_on_display
D:3:      due_chaos_kobolds, layout_loops_ring, ebering_ghost_gozag,
          ebering_ecumenical_altar_webs, uniq_terence, uniq_jessica,
          uniq_natasha
D:4:      layout_basic, nicolae_overflow_quartered_altars, minmay_starry_boxes,
          uniq_edmund
D:5:      layout_loops_ring
D:6:      layout_cave_pools, hex_medium, uniq_menkaure
D:7:      layout_gridville, minmay_temple_entry_mist, serial_bayou_pond_c,
          uniq_joseph, uniq_pikel
D:8:      layout_rooms, grunt_temple_overflow_opulence, enter_ossuary_5
D:9:      layout_loops_corners
D:10:     layout_rooms, grunt_temple_overflow_lords_of_destruction
D:11:     gammafunk_worm_tunnel, layout_basic, dpeg_oklobed_lair, orc_0_dummy
Lair:1:   layout_gridlike, st_stairs_9, grunt_megastairs_5, uniq_harold
Lair:2:   layout_chaotic_city, gammafunk_ghost_cemetery,
          nicolae_lair_grazing_beasts [nicolae_sub_lair_graze_edge,
          nicolae_sub_lair_graze_edge, nicolae_sub_lair_graze_edge,
          nicolae_sub_lair_graze_edge], infiniplex_staircase_pool_2,
          grunt_megastairs_1

Skill      XL: |  1  2  3  4  5  6  7  8  9 10 11 |
---------------+----------------------------------+-----
Ranged Weapons | 5 6 7 9 10 12 15 16 | 16.5
Stealth        | 2 |  2.1
Fighting       | 3 4 5 6 8 9 10 | 10.8
Dodging        | |  2.1

Action                     |  1- 3 |  4- 6 |  7- 9 | 10-12 || total
---------------------------+-------+-------+-------+-------++-------
   Fire: Shortbow          |   109 |   143 |   324 |   291 ||   867
         Sling             |       |       |     1 |       ||     1
 Invoke: Curse Item        |       |       |       |     2 ||     2
    Use: Scroll            |       |     2 |     3 |    10 ||    15
         Potion            |       |       |       |     1 ||     1
 Armour: Leather armour    |    12 |    10 |    60 |    25 ||   107
         Troll leather arm |       |       |       |     7 ||     7
  Dodge: Dodged            |    20 |    19 |   124 |    72 ||   235

Table legend: (Time is in decaauts)
 A = Elapsed time spent in this place.
 B = Non-inter-level travel time spent in this place.
 C = Inter-level travel time spent in this place.
 D = Time resting spent in this place.
 E = Time spent auto-exploring this place.
 F = Levels seen in this place.
 G = Mean time per level.
                   A        B        C        D        E       F      G
               +--------+--------+--------+--------+--------+-----+--------+
         Total |   9427 |   9100 |    327 |    161 |   7227 |  14 |  673.4 |
       Dungeon |   8878 |   8551 |    327 |    151 |   6952 |  11 |  807.1 |
          Lair |    245 |    245 |      0 |      0 |    168 |   2 |  122.5 |
       Ossuary |    303 |    303 |      0 |     10 |    105 |   1 |  303.0 |
               +--------+--------+--------+--------+--------+-----+--------+

Top non-repeatable levels by time:
     D:7: 1084 daAuts
     D:9: 1007 daAuts
     D:1: 878 daAuts
     D:3: 861 daAuts
     D:2: 831 daAuts
     D:6: 825 daAuts
     D:5: 822 daAuts
    D:11: 736 daAuts
     D:4: 705 daAuts
    D:10: 656 daAuts
     D:8: 469 daAuts
 Ossuary: 303 daAuts
  Lair:1: 236 daAuts
  Lair:2: 8 daAuts
